 Dungeon Crawl Stone Soup version 0.14-a0-1844-g8283a67 (webtiles) character file.

136 4tharraofdagon the Ducker (level 4, -4/37 HPs)
             Began as a Ghoul Gladiator on Jan 11, 2014.
             Slain by Crazy Yiuf
             ... wielding a +2,+3 quarterstaff of chaos
              (8 damage)
             ... on Level 4 of the Dungeon.
             The game lasted 00:03:20 (739 turns).

4tharraofdagon the Ducker (Ghoul Gladiator)          Turns: 739, Time: 00:03:20

HP  -4/37        AC  7     Str 19      XL: 4   Next: 54%
MP  10/12        EV  8     Int  3      God:
Gold 48          SH  0     Dex 11      Spells:  0 memorised,  3 levels left

rFire  . . .     SeeInvis .     r - +9,+3 hammer of Dullness {drain, rN+ Dex+2}
rCold  + . .     Clarity  .     n - +0 orc scale mail
rNeg   + + +     Conserve .     (no shield)
rPois  +         rCorr    .     c - +0 helmet
rElec  .         rRot     +     (no cloak)
SustAb . .       Spirit   .     (no gloves)
rMut   .         Warding  .     (no boots)
Saprov + + +     Stasis   .     (no amulet)
                                (no ring)
                                k - cursed ring of magical power

@: rotting, slightly resistant to hostile enchantments, extremely unstealthy
A: rotting body, claws 1, carnivore 3, cold resistance 1, life protection 3,
poison resistance, saprovore 3, slow healing 1, torment resistance, unbreathing
a: no special abilities


You were on level 4 of the Dungeon.
You were not hungry.

You visited 1 branch of the dungeon, and saw 6 of its levels.

You collected 48 gold pieces.

Inventory:

Hand weapons
 a - a +0,+0 hand axe
 o - a cursed -2,-1 hammer
 p - a -1,+1 orcish hand axe
 r - the +9,+3 hammer of Dullness (weapon) {drain, rN+ Dex+2}
   (You found it on level 4 of the Dungeon)

   A truly terrible weapon, it drains the life of those it strikes.
   It affects your dexterity (+2).
   It protects you from negative energy.
Missiles
 d - 3 throwing nets (quivered)
Armour
 b - a +0 leather armour
 c - a +0 helmet (worn)
 n - a +0 orcish scale mail (worn)
Comestibles
 h - 2 chunks of goblin flesh
 q - a rotting chunk of hobgoblin flesh
Scrolls
 e - a scroll of magic mapping {unknown}
 j - 2 scrolls of remove curse {unknown}
 m - a scroll of enchant weapon I {unknown}
Jewellery
 f - an uncursed amulet of resist mutation {unknown}
 k - a cursed ring of magical power (left claw)
Potions
 l - a potion of curing {unknown}
Carrion
 i - a hobgoblin skeleton


   Skills:
 + Level 2.5 Fighting
 + Level 3.1 Axes
 + Level 2.0 Throwing
 + Level 1.2 Armour
 + Level 3.7 Dodging


You had 3 spell levels left.
You didn't know any spells.

Dungeon Overview and Level Annotations

Branches:
Dungeon (6/16)
 Temple: D:4-7

Altars:

Annotations:
D:4 Crazy Yiuf


Innate Abilities, Weirdness & Mutations

Your body is rotting away.
You have sharp fingernails.
You are carnivorous and can eat meat at any time.
Your flesh is cold resistant.
You are immune to negative energy.
Your system is resistant to poisons.
You thrive on rotten meat.
You heal slowly when monsters are visible.
You are immune to unholy pain and torment.
You can survive without breathing.


Message History

Crazy Yiuf hits you with a quarterstaff of chaos.
Unknown command.
You hit Crazy Yiuf.
Crazy Yiuf is lightly wounded.
Crazy Yiuf completely misses you.
You completely miss Crazy Yiuf.
Crazy Yiuf is lightly wounded.
Crazy Yiuf laughs, "Announcement eyeball bush!"
Crazy Yiuf closely misses you.
You hit Crazy Yiuf. You drain Crazy Yiuf!
Crazy Yiuf is moderately wounded.
Crazy Yiuf hits you with a quarterstaff of chaos!
You feel your power leaking away.
You hit Crazy Yiuf.
Crazy Yiuf is heavily wounded.
Crazy Yiuf hits you with a quarterstaff of chaos!
* * * LOW HITPOINT WARNING * * *
Crazy Yiuf screams, "Shower Hive snail!"
Crazy Yiuf hits you with a quarterstaff of chaos!
You die...

.# .# .# ###.## #....#
### ########....#
#)))## ##.#)).##....#
#.)))g####)))).....>...
#@)#))))).###....#
###)#))#)## ######
########


You could see Crazy Yiuf.

Vanquished Creatures
  A hound (D:3)
  A scorpion (D:5)
  An adder (D:3)
  4 orcs (D:3)
  A giant cockroach (D:1)
  2 hobgoblins
  3 jackals (D:1)
  A kobold (D:2)
  3 bats (D:1)
  3 giant newts
  3 goblins
  3 rats
26 creatures vanquished.

Notes
Turn   | Place    | Note
--------------------------------------------------------------
     0 | D:1      | 4tharraofdagon, the Ghoul Gladiator, began the quest for the Orb.
     0 | D:1      | Reached XP level 1. HP: 17/17 MP: 1/1
   113 | D:1      | Reached XP level 2. HP: 16/24 MP: 2/2
   408 | D:2      | Reached skill level 3 in Dodging
   445 | D:3      | Reached XP level 3. HP: 25/30 MP: 3/3
   512 | D:4      | Noticed a centaur
   543 | D:3      | Reached XP level 4. HP: 12/37 MP: 3/3
   561 | D:3      | Reached skill level 1 in Armour
   642 | D:5      | Entered Level 5 of the Dungeon
   704 | D:6      | Noticed an ogre
   724 | D:4      | Got a pitted hammer
   725 | D:4      | Identified the +9,+3 hammer of Dullness {drain, rN+ Dex+2} (You found it on level 4 of the Dungeon)
   729 | D:4      | Noticed Crazy Yiuf
   739 | D:4      | Slain by Crazy Yiuf

Action                   |  1- 3 |  4- 6 || total
-------------------------+-------+-------++-------
Melee: Hand axe          |    71 |     8 ||    79
       Hammer            |       |     6 ||     6
  Use: Potion            |       |     1 ||     1
